 Dungeon Crawl Stone Soup version 0.31-a0-1025-g2e47921a08 (webtiles) character file.

Game seed: 8456875269507280212

17 Azuregosa the Sneak (level 2, 0/19 (21) HPs)
             Began as an Octopode Delver on Nov 17, 2023.
             Slain by a necrophage (2 damage)
             ... on level 5 of the Dungeon.
             The game lasted 00:01:21 (231 turns).

Azuregosa the Sneak (Octopode Delver)                Turns: 231, Time: 00:01:23

HP:   0/19 (21)     AC:  1    Str: 11    XL:     2   Next: 62%
MP:   2/2           EV: 13    Int: 12    God:
Gold: 11            SH:  0    Dex: 13    Spells: 1/1 levels left

rFire   . . .        a - +0 hand axe
rCold   . . .        (no shield)
rNeg    . . .        (helmet restricted)
rPois   .            (no amulet)
rElec   .            (no ring)
rCorr   .            (no ring)
SInv    .            (no ring)
Will    .....        (no ring)
Stlth   +++++        (no ring)
HPRegen 0.23/turn    (no ring)
MPRegen 0.08/turn    (no ring)
                     (no ring)

%: no passive effects
@: drained
A: almost no armour, amphibious, 8 rings, camouflage 1, gelatinous body 1,
(nimble swimmer 1), tentacles
a: no special abilities


You were on level 5 of the Dungeon.
You visited 1 branch of the dungeon, and saw 2 of its levels.

You collected 11 gold pieces.

Inventory:

Hand Weapons
 a - a +0 hand axe (weapon)
Missiles
 k - 2 darts of dispersal
Talismans
 h - a flux talisman
Wands
 f - a wand of digging (3)
Scrolls
 b - a scroll of fog
 c - a scroll of brand weapon {unknown}
 d - a scroll of fear
 g - a scroll of identify {unknown}
 i - a scroll of teleportation {unknown}
Potions
 e - a potion of haste
 j - 2 potions of magic {unknown}


   Skills:
 - Level 3.0 Fighting
 - Level 2.0 Axes
 - Level 2.0 Dodging
 + Level 7.5 Stealth


You had one spell level left.
You didn't know any spells.
Your spell library contained the following spells:

 Spells                   Type           Power      Damage    Failure   Level
 Ozocubu's Armour         Ice            0%         N/A       69%         3
 Metabolic Englaciation   Hex/Ice        0%         N/A       100%        5
 Simulacrum               Ice/Necr       0%         N/A       100%        6


Dungeon Overview and Level Annotations

Branches:
Dungeon (6/15)
 Temple: D:4-7

Altars:
Makhleb


Innate Abilities, Weirdness & Mutations

You cannot wear most types of armour.
You are amphibious.
You can wear up to eight rings at the same time.
Your skin changes colour to match your surroundings (Stealth+).
Your rubbery body absorbs attacks. (AC +1, EV +1)
((You are camouflaged when in or above water. (Stealth+)))
You have tentacles for arms and can constrict up to eight enemies at once.


Message History

The killer bee moves out of view.
A hound skeleton comes into view.
Found a burning altar of Makhleb.
A necrophage comes into view.
The helpless hound skeleton fails to defend itself.
You slash the hound skeleton! You grab the hound skeleton.
The hound skeleton is moderately damaged.
You constrict the hound skeleton.
The hound skeleton bites you but does no damage.
The hound skeleton bites you.
You hit the hound skeleton.
The hound skeleton is severely damaged.
You constrict the hound skeleton.
The hound skeleton completely misses you.
The necrophage hits you.
You release your grip on the hound skeleton.
The hound skeleton closely misses you.
You hit the hound skeleton. You grab the hound skeleton.
You squeeze the hound skeleton, but do no damage.
The hound skeleton is severely damaged.
You constrict the hound skeleton. The hound skeleton barely misses you.
You hit the hound skeleton.
You destroy the hound skeleton!
You have reached level 2!
You hit the necrophage. You grab the necrophage.
The necrophage is lightly damaged.
You constrict the necrophage, but do no damage.
The necrophage hits you!
You feel drained.
* * * LOW HITPOINT WARNING * * *
You slash the necrophage! You squeeze the necrophage.
The necrophage is moderately damaged.
You constrict the necrophage.
The necrophage hits you but does no damage.
You hit the necrophage but do no damage.
The necrophage is heavily damaged.
You constrict the necrophage, but do no damage.
The necrophage hits you.
* * * LOW HITPOINT WARNING * * *
You feel drained.
You die...

##### *,,,,,,,,,,,*
#...# ****,,**,,,**
#.#.## *##*,,**,,,**
#....## ##∩##,,,+,,,,*
#.....# ##._.#,,**,,,,*
#.....###....#****,,,,*
#.##...##...#* *,,,,*
#..##..###n#* *,,,,*
##### ##..##..#@.#
*,,,***** ######
##.###...## *,,,*,,,,
###### #..###.##
*,,,*,,,, ######
##..######******,,,+,,,,
######
#.......#,,,,,,,,,*,,,,
######
#.......#,,,,**,,,*,,,,
######
#.......#,,,,****+*,,,,
....##
#......##,,,,**,,,*****
....##
#......#*,,,,**,,,,*


You could see a necrophage.

Vanquished Creatures
  A hound skeleton (D:5)
  A dart slug (D:5)
  An orc (D:5)
3 creatures vanquished.

Notes
Turn   | Place    | Note
-------+----------+-------------------------------------------
     0 | D:5      | Azuregosa the Octopode Delver began the quest for the Orb.
     0 | D:5      | Reached XP level 1. HP: 16/16 MP: 1/1
    34 | D:5      | Noticed a jelly
    78 | D:5      | Reached skill level 7 in Stealth
   200 | D:5      | Noticed a killer bee
   201 | D:5      | Noticed a killer bee
   201 | D:5      | Noticed a killer bee
   202 | D:5      | Noticed a killer bee
   221 | D:5      | Found a burning altar of Makhleb.
   222 | D:5      | Noticed a necrophage
   229 | D:5      | Reached XP level 2. HP: 14/21 MP: 2/2
   231 | D:5      | Slain by a necrophage

Illustrated notes

Levels and vault maps discovered:
D:5:      layout_gridville, makhleb_blood_cavern_becter, grunt_ministairs_7
D:6:      layout_basic

Skill      XL: |  1 |
---------------+----+-----
Stealth        | 7 |  7.5
Fighting       | |  3.0
Axes           | |  2.0
Dodging        | |  2.0

Action                     || total
---------------------------++-------
  Melee: Hand axe          ||    13
         Constrict         ||     5
         Tentacles         ||     3
    Use: Scroll            ||     1
   Stab: Distracted        ||     1
         Sleeping          ||     1
 Armour: Skin              ||    10
  Dodge: Dodged            ||     5

Table legend: (Time is in decaauts)
 A = Elapsed time spent in this place.
 B = Non-inter-level travel time spent in this place.
 C = Inter-level travel time spent in this place.
 D = Time resting spent in this place.
 E = Time spent auto-exploring this place.
 F = Levels seen in this place.
 G = Mean time per level.
                   A        B        C        D        E       F      G
               +--------+--------+--------+--------+--------+-----+--------+
         Total |    233 |    233 |      0 |    114 |      0 |   2 |  116.5 |
       Dungeon |    233 |    233 |      0 |    114 |      0 |   2 |  116.5 |
               +--------+--------+--------+--------+--------+-----+--------+

Top non-repeatable levels by time:
     D:5: 231 daAuts
     D:6: 1 daAuts
